 Dungeon Crawl Stone Soup version 0.27.0-1-g7a089689b8 (webtiles) character file.

Game seed: 6278963607023363762

43 Malachi the Skirmisher (level 3, 0/31 HPs)
             Began as a Palentonga Fighter on Aug 15, 2021.
             Slain by Sigmund (10 damage)
             ... on level 2 of the Dungeon.
             The game lasted 00:01:08 (1476 turns).

Malachi the Skirmisher (Palentonga Fighter)         Turns: 1476, Time: 00:01:09

Health: 0/31       AC:  6    Str: 20    XL:     3   Next: 37%
Magic:  3/3        EV:  5    Int:  8    God:
Gold:   35         SH:  8    Dex:  9    Spells: 2/2 levels left

rFire    . . .     SeeInvis +   a - +0 war axe
rCold    . . .     Faith    .   c - +0 kite shield
rNeg     . . .     Spirit   .   b - +0 scale mail
rPois    .         Reflect  .   (no helmet)
rElec    .         Harm     .   (no cloak)
rCorr    .         Rampage  .   (no gloves)
Will     .....                  (no barding)
Stlth    ..........             (no amulet)
HPRegen  0.10/turn              (no ring)
MPRegen  0.08/turn              (no ring)

@: mighty
A: large, rugged brown scales 3, see invisible, deformed body, roll 1, armoured
tail
a: Rolling Charge


You were on level 2 of the Dungeon.
You visited 1 branch of the dungeon, and saw 2 of its levels.

You collected 35 gold pieces.

Inventory:

Hand Weapons
 a - a +0 war axe (weapon)
Armour
 b - a +0 scale mail (worn)
 c - a +0 kite shield (worn)
Jewellery
 g - an amulet of regeneration
Wands
 i - a wand of mindburst (12)
Scrolls
 e - a scroll of acquirement {unknown}
 f - 2 scrolls of identify {unknown}
 h - a scroll of immolation {unknown}


   Skills:
 + Level 3.3 Fighting
 + Level 2.6 Axes
 + Level 2.6 Armour
 + Level 0.1 Dodging
 + Level 2.8 Shields


You had 2 spell levels left.
You didn't know any spells.
Your spell library was empty.

Dungeon Overview and Level Annotations

Branches:
Dungeon (2/15)

Altars:

Annotations:
D:2 Sigmund


Innate Abilities, Weirdness & Mutations

You are completely covered in rugged brown scales. (AC +3, +7% HP)
You have supernaturally acute eyesight. (SInv)
Armour fits poorly on your strangely shaped body.
You can roll at nearby foes to attack.
You have a long armoured tail.


Message History

No target in view!
No target in view!
You enter the shallow water.
Moving in this stuff is going to be slow.
Sigmund the Dreaded comes into view.
He is wielding a +0 scythe.
Sigmund casts a spell at you.
You are confused.
Sigmund is nearby!
Sigmund is nearby!
Sigmund is nearby!
You are too confused!
You are too confused!
You are too confused!
You are too confused!
Unknown command.
You bump into the rock wall.
Sigmund looks at you with fury. Sigmund gestures at you while chanting.
The magic dart hits you.
You're too confused to move!
You bump into the rock wall.
You bump into the rock wall.
You feel less confused.
You feel very mighty all of a sudden.
Sigmund points at you and mumbles some strange words.
You are confused.
Sigmund drinks a potion.
Sigmund seems to grow stronger.
You closely miss Sigmund.
Sigmund points at you and mumbles some strange words.
You resist with significant effort. Sigmund hits you but does no damage.
Sigmund barely misses you. Sigmund hits you with a +0 scythe!
Ouch! That really hurt!
You're too confused to move!
Sigmund mumbles some strange words.
Sigmund flickers and vanishes for a moment.
Sigmund hits you but does no damage.
You feel less confused.
Sigmund hits you from afar with a +0 scythe!
You die...

#........ #.......# #...
.. #.......# #..# .#
........# #..# ..#
........# #..###...
.......# #..#...
.......# #..#.# .......#
#..?.# #......#
###..@##.##
#...<..#####..@......#
#......#≈≈≈.≈.≈.≈≈.≈≈.≈.
#.......≈≈≈≈≈≈.≈≈≈≈≈≈≈≈≈
#######..≈♣♣♣≈≈≈♣♣♣≈≈≈♣♣
#.≈≈♣ ♣≈.≈♣ ≈.≈♣ #.≈≈♣
♣≈≈≈♣ ≈≈♣ #..≈≈≈≈≈.≈≈≈
≈≈≈≈ #..≈≈..≈...≈≈ .≈≈


You could see Sigmund (strong, invisible).

Vanquished Creatures
  2 dart slugs (D:1)
  3 endoplasms (D:1)
  2 giant cockroaches (D:1)
  5 goblins (D:1)
  4 hobgoblins (D:1)
  3 kobolds (D:1)
  2 quokkas (D:1)
  6 ball pythons (D:1)
  4 bats (D:1)
  A frilled lizard (D:1)
  4 rats (D:1)
36 creatures vanquished.

Notes
Turn   | Place    | Note
-------+----------+-------------------------------------------
     0 | D:1      | Malachi the Palentonga Fighter began the quest for the Orb.
     0 | D:1      | Reached XP level 1. HP: 19/19 MP: 1/1
   194 | D:1      | Reached XP level 2. HP: 17/25 MP: 2/2
   799 | D:1      | Reached XP level 3. HP: 27/31 MP: 3/3
  1211 | D:1      | Found a faded altar of an unknown god.
  1463 | D:2      | Noticed Sigmund
  1476 | D:2      | Slain by Sigmund

Illustrated notes

Levels and vault maps discovered:
D:1:      lemuel_arrival_muddy, layout_basic,
          hellmonk_ecumenical_altar_leap_of_faith, serial_forest,
          infiniplex_forest_lined_3
D:2:      cheibrodos_fertilizer, layout_basic, serial_shops, shop_statue,
          minmay_misc_feat_more_columns, kennysheep_boxes, uniq_terence,
          uniq_sigmund

Action                   || total
-------------------------++-------
Melee: War axe           ||    75
       Tailslap          ||    10
  Use: Potion            ||     1
Armor: Scale mail        ||    51
Dodge: Dodged            ||    17
Block: Kite shield       ||    42
